 Dungeon Crawl Stone Soup version 0.29-a0-80-g3050e97935 (webtiles) character file.

Game seed: 13043288995024401824

19 Bosse the Magician (level 2, -5/19 HPs)
             Began as a Demonspawn Hedge Wizard on Feb 4, 2022.
             Killed by nerve-wracking pain
             ... invoked by Jessica
              (12 damage)
             ... on level 2 of the Dungeon.
             The game lasted 00:02:52 (1604 turns).

Bosse the Magician (Demonspawn Hedge Wizard)        Turns: 1604, Time: 00:02:52

Health: -5/19      AC:  4    Str: 10    XL:     2   Next: 55%
Magic:  0/6        EV: 12    Int: 15    God:
Gold:   42         SH:  0    Dex: 12    Spells: 6/7 levels left

rFire   . . .      SeeInvis .   a - +0 dagger
rCold   . . .      Faith    .   (no shield)
rNeg    . . .      Spirit   .   b - +0 robe
rPois   .          Reflect  .   c - +0 hat
rElec   .          Harm     .   (no cloak)
rCorr   .          Rampage  .   (no gloves)
Will    .....                   (no boots)
Stlth   ++........              (no amulet)
HPRegen 0.06/turn               (no ring)
MPRegen 0.10/turn               (no ring)

@: no status effects
A: thin metallic scales 1
a: no special abilities


You were on level 2 of the Dungeon.
You visited 1 branch of the dungeon, and saw 2 of its levels.

You collected 42 gold pieces.

Inventory:

Hand Weapons
 a - a +0 dagger (weapon)
Armour
 b - a +0 robe (worn)
 c - a +0 hat (worn)
Scrolls
 d - a scroll of identify {unknown}
 e - a scroll of fear {unknown}
 g - a scroll of noise {unknown}
 j - a scroll of fog {unknown}
Potions
 f - a potion of brilliance {unknown}
 h - a potion of resistance {unknown}
 i - a potion of heal wounds {unknown}


   Skills:
 + Level 2.4 Dodging
 + Level 2.2 Stealth
 - Level 3.1 Spellcasting
 - Level 1.0 Conjurations
 - Level 1.0 Summonings
 - Level 0.8 Translocations


You had 6 spell levels left.
You knew the following spells:

 Your Spells              Type           Power      Damage    Failure   Level
a - Magic Dart            Conj           20%        1d4       13%         1

Your spell library contained the following spells:

 Spells                   Type           Power      Damage    Failure   Level
 Slow                     Hex            8%         N/A       21%         1
 Call Imp                 Summ           5%         N/A       21%         2
 Blink                    Tloc           8%         N/A       22%         2
 Conjure Flame            Conj/Fire      3%         6-21      43%         3
 Mephitic Cloud           Conj/Pois/Air  3%         N/A       45%         3


Dungeon Overview and Level Annotations

Branches:
Dungeon (2/15)

Altars:
Trog

Annotations:
D:2 Jessica


Innate Abilities, Weirdness & Mutations

You are partially covered in thin metallic scales. (AC +2)


Message History

Jessica mumbles something strange.
Jessica misses you.
You barely miss Jessica.
Jessica is moderately wounded.
The hobgoblin shouts!
Jessica casts a spell at you. Pain shoots through your body!
You closely miss Jessica.
Jessica is moderately wounded.
Jessica misses you.
You hit Jessica.
Jessica is heavily wounded.
Jessica misses you.
You barely miss Jessica.
Jessica is heavily wounded.
Jessica closely misses you.
You barely miss Jessica.
Jessica is heavily wounded.
Jessica hits you with a +0 dagger.
You are too injured to fight recklessly!
You are too injured to fight recklessly!
Casting: Magic Dart (safe; 13% risk of failure)
Confirm with . or Enter, or press ? or * to list all spells.
Aiming: Magic Dart (safe; 13% risk of failure)
Press: ? - help, Shift-Dir - straight line, f/p - Jessica
Aim: Jessica, wielding a +0 dagger and wearing a +2 robe of the Archmagi (heavily wounded, 100% to hit)
The magic dart hits Jessica but does no damage.
Jessica is heavily wounded.
Jessica shouts, "Stop bothering me, or I'll kill you!"
Jessica mumbles some strange words.
Jessica blinks!
The hobgoblin misses you.
You hit the hobgoblin but do no damage. The hobgoblin barely misses you.
You hit the hobgoblin but do no damage. The hobgoblin misses you.
You hit the hobgoblin but do no damage. The hobgoblin misses you.
You hit the hobgoblin but do no damage. Jessica casts a spell at you.
Pain shoots through your body!
Ouch! That really hurt!
You die...

#.####
####........# #.#
... ###.###### #.#
#.# ##+#
#######.### ...
##...# #.........#
#.#
##.....##.#####.#.#
#.......#.# ##..#.#
........@.###...#.#
..................#
.......@..###...#.#
#.....g.#.###..##.#
##.....##........>#
##...# #####.####
##+# #.. ###


You could see Jessica and a hobgoblin.

Vanquished Creatures
  3 bats (D:1)
  2 giant cockroaches (D:1)
  A goblin (D:1)
  A kobold (D:1)
  2 quokkas (D:1)
  3 ball pythons (D:1)
  A frilled lizard (D:1)
  5 rats (D:1)
18 creatures vanquished.

Notes
Turn   | Place    | Note
-------+----------+-------------------------------------------
     0 | D:1      | Bosse the Demonspawn Hedge Wizard began the quest for the
                  | Orb.
     0 | D:1      | Reached XP level 1. HP: 13/13 MP: 4/4
    40 | D:1      | Found a faded altar of an unknown god.
   224 | D:1      | Prayed at the altar of an unknown god.
   224 | D:1      | Became a worshipper of Trog the Wrathful
   224 | D:1      | Reached * piety under Trog
   275 | D:1      | Fell from the grace of Trog
   548 | D:1      | Gained mutation: You are partially covered in thin metallic
                  | scales. (AC +2) [demonic ancestry]
   548 | D:1      | Reached XP level 2. HP: 19/19 MP: 1/6
  1586 | D:2      | Noticed Jessica
  1604 | D:2      | Killed from afar by Jessica

Illustrated notes

Levels and vault maps discovered:
D:1:      sevenhm_arrival_forest_fort_small_4, layout_basic,
          chequers_ecumenical_altar_island
D:2:      layout_loops_corners, uniq_sigmund, uniq_robin, uniq_natasha,
          uniq_terence, uniq_jessica

Skill      XL: |  1 |
---------------+----+-----
Dodging        | 2 |  2.4
Stealth        | 2 |  2.2
Spellcasting   | |  3.1
Conjurations   | |  1.0
Summonings     | |  1.0
Translocations | |  0.8

Action                   || total
-------------------------++-------
Melee: Dagger            ||    10
 Cast: Magic Dart        ||    44
Invok: Renounce Religion ||     1
Armor: Robe              ||     4
Dodge: Dodged            ||    11

Table legend: (Time is in decaauts)
 A = Elapsed time spent in this place.
 B = Non-inter-level travel time spent in this place.
 C = Inter-level travel time spent in this place.
 D = Time resting spent in this place.
 E = Time spent auto-exploring this place.
 F = Levels seen in this place.
 G = Mean time per level.
                   A        B        C        D        E       F      G
               +--------+--------+--------+--------+--------+-----+--------+
         Total |   1612 |   1591 |     21 |    126 |   1364 |   2 |  806.0 |
       Dungeon |   1612 |   1591 |     21 |    126 |   1364 |   2 |  806.0 |
               +--------+--------+--------+--------+--------+-----+--------+

Top non-repeatable levels by time:
     D:1: 1529 daAuts
     D:2: 82 daAuts
